Map: New Repugnancy LE

Players

TiPtOP - Winner!

  • Race: Terran Terran
  • League: Silver
  • Spawn Location: 1:00

SiHugler

  • Race: Terran Terran
  • Spawn Location: 7:00

VOD

Have the link to the VOD?

Description

Time

  • Played on: Aug. 19, 2019, 7:42 a.m.
  • Length: 23:22
Show
View Real Time Build Order
Export as new Build Order

TiPtOP Terran - Winner!

Build Orders: Mech 

Get SALT Encoding   

  12  0:01  SCV  
  13  0:13  SCV  
  14  0:25  Supply Depot  
  14  0:27  SCV  
  15  0:46  SCV, Supply Depot  
  15  0:49  Barracks  
  16  0:58  SCV  
  17  1:10  Refinery  
  17  1:11  SCV  
  18  1:26  SCV  
  19  1:41  Marine  
  19  1:44  Orbital Command  
  20  1:52  Command Center  
  20  2:12  Bunker  
  20  2:18  SCV  
  21  2:30  SCV  
  21  2:35  Barracks Tech Lab  
  22  2:46  Factory  
  22  2:48  Engineering Bay, SCV  
  23  2:55  Supply Depot  
  23  3:05  Orbital Command  
  23  3:08  SCV  
  24  3:14  Refinery  
  24  3:18  Supply Depot  
  24  3:20  Missile Turret, SCV  
  24  3:22  Missile Turret  
  25  3:32  SCV  
  26  3:44  SCV  
  26  3:45  SCV  
  26  3:48  Siege Tank  
  31  3:57  SCV  
  31  4:01  SCV  
  33  4:09  Factory  
  33  4:10  Factory  
  33  4:22  Supply Depot  
  33  4:26  Siege Tank  
  33  4:27  Supply Depot  
  36  4:34  SCV x2  
  38  4:46  SCV  
  38  4:50  SCV, Command Center  
  40  4:57  Armory, Factory Tech Lab  
  40  4:58  SCV, Factory Reactor  
  41  5:12  SCV  
  41  5:13  SCV  
  43  5:23  Siege Tank  
  43  5:24  SCV  
  43  5:25  SCV  
  48  5:37  Hellion x2  
  48  5:40  SCV x2  
  54  5:51  Infernal Pre-Igniter  
  54  6:03  Refinery  
  54  6:05  Refinery, SCV x2  
  56  6:17  SCV x2  
  58  6:29  SCV x2  
  60  6:41  SCV x2  
  60  6:45  Supply Depot  
  60  6:46  Supply Depot  
  62  6:47  Supply Depot  
  62  6:48  Supply Depot  
  62  6:51  Orbital Command  
  62  6:53  SCV x2  
  64  6:59  Hellion x2, Thor x2  
  80  7:05  SCV x2  
  82  7:08  Supply Depot  
  82  7:17  SCV  
  82  7:19  Terran Vehicle Weapons Level 1  
  83  7:28  SCV x2  
  83  7:29  SCV  
  86  7:35  Hellion x2  
  90  7:40  SCV  
  90  7:42  Siege Tank, Thor  
  100  8:13  Supply Depot  
  100  8:14  Supply Depot  
  100  8:16  Supply Depot  
  100  8:17  Armory  
  100  8:28  Missile Turret, Thor x2  
  100  8:29  Hellion x2  
  100  8:31  Smart Servos  
  116  8:42  Missile Turret  
  116  8:54  Command Center  
  116  8:57  Missile Turret  
  116  9:02  Missile Turret  
  116  9:04  Sensor Tower  
  116  9:18  Command Center  
  116  9:19  Refinery  
  116  9:32  Missile Turret  
  116  9:54  SCV x3  
  119  10:21  Refinery  
  119  10:25  Refinery  
  119  10:26  Thor x2  
  119  10:27  Hellion  
  119  10:28  Hellion  
  135  10:31  Terran Vehicle Weapons Level 2  
  135  10:32  Terran Vehicle And Ship Armor Level 1  
  133  10:49  Hellion  
  135  10:50  Planetary Fortress  
  135  10:53  Refinery  
  135  10:56  Hellion  
  137  11:09  Thor x2  
  137  11:10  Hellion  
  151  11:25  Factory  
  151  11:29  Factory  
  151  11:31  Factory  
  151  11:35  Factory  
  151  11:38  SCV  
  152  11:50  SCV  
  152  11:52  Thor  
  159  11:56  Missile Turret  
  159  11:57  Missile Turret  
  159  12:02  Sensor Tower, SCV  
  160  12:31  Factory Tech Lab x2  
  160  12:32  Factory Reactor  
  160  12:36  Factory Reactor  
  160  12:45  Supply Depot  
  160  12:48  Supply Depot x2  
  160  12:49  Supply Depot x2  
  160  12:54  Planetary Fortress  
  160  13:04  SCV x3  
  163  13:16  SCV x2  
  165  13:30  Refinery  
  165  13:46  Terran Vehicle And Ship Armor Level 2, Terran Vehicle Weapons Level 3  
  153  14:07  Thor x2  
  153  14:08  Thor x2  
  153  14:09  Hellion x5  
  129  14:50  Thor x3  
  129  14:51  Thor  
  129  14:52  Hellion x3  
  163  14:53  Hellion x3  
  165  15:13  Hellion  
  157  15:33  Thor  
  163  15:39  Command Center  
  163  15:44  Command Center  
  163  15:51  SCV x2  
  163  15:52  SCV  
  163  15:54  Hellion x2, Thor x3  
  163  15:55  Hellion x3  
  190  16:16  Thor  
  196  16:44  Starport  
  196  16:47  Starport  
  196  16:49  Starport x2  
  194  16:57  Planetary Fortress  
  194  17:03  Refinery  
  194  17:07  Planetary Fortress  
  194  17:10  Refinery  
  184  17:25  Starport Tech Lab x3  
  184  17:27  Refinery  
  144  17:35  Fusion Core  
  124  17:37  Refinery  
  124  17:46  Starport Tech Lab  
  124  17:48  Starport  
  124  17:49  Starport x2  
  124  17:50  Starport  
  124  17:52  Starport  
  124  17:53  Missile Turret  
  124  17:56  Hellion x3  
  124  18:14  Missile Turret  
  123  18:27  Starport Tech Lab x4  
  123  18:34  Battlecruiser x2, Missile Turret  
  123  18:35  Battlecruiser  
  123  18:38  Starport Tech Lab  
  141  18:47  SCV  
  140  18:59  SCV  
  140  19:01  Refinery, SCV  
  142  19:09  Weapon Refit  
  142  19:11  SCV  
  142  19:13  SCV  
  142  19:24  SCV  
  143  19:39  Battlecruiser x3  
  161  20:04  Terran Ship Weapons Level 1  
  161  20:05  Terran Vehicle And Ship Armor Level 3  
  161  20:08  Battlecruiser x4  
  185  20:30  Battlecruiser  
  187  20:43  Battlecruiser x2  
  169  21:12  Battlecruiser x2  
  169  21:15  Battlecruiser x3  
Show
View Real Time Build Order
Export as new Build Order

SiHugler Terran 

Build Orders:  

Get SALT Encoding   

  12  0:01  SCV  
  13  0:22  Supply Depot  
  13  0:28  SCV  
  14  0:40  SCV  
  15  0:46  Barracks  
  15  0:54  Barracks  
  15  0:59  SCV  
  15  1:03  Refinery  
  16  1:11  SCV  
  17  1:23  SCV  
  18  1:34  Marine  
  19  1:41  Bunker  
  19  1:45  Marine  
  20  1:50  Orbital Command  
  20  1:52  Marine  
  21  1:56  Barracks  
  21  2:03  Marine  
  22  2:09  Supply Depot  
  22  2:10  Marine  
  23  2:21  Bunker  
  23  2:30  Marine  
  23  2:31  SCV  
  23  2:34  Supply Depot  
  25  2:40  Marine  
  26  2:45  SCV  
  27  2:51  Marine  
  27  2:57  SCV  
  29  3:09  Marine  
  30  3:13  Factory, SCV  
  30  3:14  Refinery  
  30  3:17  Marine  
  32  3:34  Marine  
  33  3:35  Marine  
  34  3:41  Supply Depot  
  34  3:46  SCV  
  35  3:51  Marine  
  35  3:52  Marine  
  35  3:53  Barracks Tech Lab  
  37  3:58  SCV  
  38  4:09  Marine  
  39  4:10  SCV, Marine  
  39  4:15  Command Center  
  41  4:25  Engineering Bay  
  41  4:27  Marine  
  41  4:28  Marine  
  43  4:32  Factory Tech Lab  
  43  4:33  Combat Shield  
  43  4:45  Marine  
  44  4:46  Factory  
  44  4:48  SCV  
  44  4:49  Barracks  
  45  5:00  SCV  
  45  5:02  Supply Depot  
  46  5:12  SCV  
  46  5:13  Barracks Reactor  
  47  5:23  Siege Tank  
  47  5:24  Hi-Sec Auto Tracking  
  47  5:25  Supply Depot  
  50  5:28  Refinery  
  50  5:32  Factory Tech Lab  
  50  5:46  Missile Turret  
  50  5:49  Missile Turret  
  50  5:52  Missile Turret  
  50  6:04  Missile Turret  
  50  6:05  Missile Turret  
  50  6:07  Missile Turret  
  50  6:10  Missile Turret  
  50  6:21  Orbital Command  
  50  6:27  Missile Turret  
  50  6:28  Missile Turret  
  50  6:30  Missile Turret  
  50  6:38  SCV  
  51  6:50  SCV  
  51  6:53  Refinery  
  52  7:06  Missile Turret  
  52  7:08  Missile Turret  
  52  7:20  Terran Infantry Weapons Level 1  
  52  7:25  Engineering Bay  
  52  7:28  Supply Depot  
  52  7:29  Missile Turret, Supply Depot  
  52  7:30  Missile Turret  
  52  7:31  Supply Depot  
  52  7:39  Barracks Tech Lab  
  52  7:40  Stimpack  
  52  7:46  Hellion x2  
  56  8:29  Siege Tank x2  
  62  8:43  Command Center  
  62  8:47  Command Center  
  58  9:23  Siege Tank x2  
  64  9:36  Terran Infantry Armor Level 1  
  64  9:37  Neosteel Armor  
  64  9:45  Supply Depot  
  64  9:51  Armory x2  
  64  10:00  Orbital Command  
  64  10:01  Orbital Command  
  64  10:07  Supply Depot  
  64  10:16  Marine x3, Marauder x2  
  71  10:28  SCV x2  
  73  10:29  Supply Depot  
  73  10:33  Marine  
  74  10:40  SCV x2, Armory  
  76  10:52  SCV x2  
  76  10:54  Sensor Tower  
  78  11:04  SCV  
  79  11:28  Marine x3, Marauder x2  
  86  11:38  SCV x4  
  90  11:45  Marine  
  90  11:46  Terran Vehicle And Ship Armor Level 1, Marine x2, Terran Vehicle Weapons Level 1  
  93  11:49  Marauder  
  93  11:50  SCV x2, Marauder  
  99  11:55  Terran Infantry Armor Level 2, Terran Infantry Weapons Level 2  
  99  12:02  Terran Ship Weapons Level 1  
  99  12:03  Marine x2  
  101  12:11  Marauder x2  
  101  12:14  Starport  
  105  12:16  Starport  
  105  12:27  Starport  
  105  12:32  Marauder x2  
  109  12:44  Sensor Tower  
  109  12:56  Starport  
  109  12:57  Starport  
  109  12:58  Siege Tank x2  
  115  13:08  Sensor Tower  
  115  13:15  Starport Tech Lab  
  115  13:17  Starport Tech Lab  
  115  13:18  Starport Reactor  
  115  13:30  Siege Tank x2  
  121  13:40  Cloaking Field  
  121  13:45  Hyperflight Rotors  
  121  13:46  Starport Tech Lab  
  121  13:49  Starport Reactor  
  94  14:30  Marine  
  94  14:31  Marine, Marauder x2  
  100  14:48  Marine x2  
  106  14:52  Marauder  
  106  14:53  Marauder  
  104  15:06  Marine x2  
  103  15:14  Marauder x2  
  103  15:19  Siege Tank x2  
  103  15:20  Orbital Command  
  106  15:24  Marine x2  
  108  15:31  Medivac x3  
  108  15:32  Banshee x3  
  108  15:34  Medivac  
  108  15:35  Marauder x2  
  129  15:51  Siege Tank  
  129  15:52  Siege Tank  
  129  15:56  Marine  
  138  15:57  Marauder  
  138  16:06  Refinery  
  138  16:09  SCV x3  
  138  16:10  Refinery  
  141  16:15  Banshee x2  
  147  16:21  SCV  
  148  16:28  Supply Depot  
  148  16:29  Supply Depot  
  148  16:31  Supply Depot  
  148  16:43  SCV  
  148  16:44  SCV  
  148  16:45  SCV  
  147  16:50  Banshee  
  150  16:54  Supply Depot  
  150  16:55  SCV  
  150  16:56  SCV  
  150  16:57  Banshee, SCV, Supply Depot  
  150  16:58  Supply Depot, Banshee  
  150  17:00  Missile Turret  
  159  17:07  SCV  
  160  17:08  SCV  
  160  17:09  SCV  
  162  17:18  Supply Depot  
  162  17:19  Supply Depot  
  162  17:32  Banshee  
  164  17:38  Missile Turret  
  145  18:34  Marine x2, Marauder  
  142  18:35  Marauder  
  147  18:52  Marine x2  
  149  18:56  Marauder x2  
  153  19:09  Marine, Banshee x3  
  162  19:10  Marine  
  164  19:17  Marauder x2  
  164  19:19  Orbital Command  
  168  19:32  Marine  
  168  19:33  Marine  
  168  19:35  Sensor Tower  
  170  19:39  Marauder x2  
  174  19:45  Missile Turret  
  174  19:49  Missile Turret  
  174  19:50  Marine x2  
  174  19:51  Missile Turret  
  174  19:52  Banshee x3  
  185  19:54  SCV x4  
  185  19:55  Sensor Tower  
  189  20:00  Marauder x2  
  189  20:06  SCV x2  
  195  20:08  Marine x2  
  197  20:14  Missile Turret  
  197  20:18  Bunker, Sensor Tower  
  197  20:21  Refinery, Marauder  
  197  20:25  Refinery  
  197  20:26  Marine  
  186  21:19  Viking x2  
  186  21:20  Viking x5  
  165  22:02  Viking  
  115  22:32  Viking  
Tags
 
Composition
Mech
League
Silver
Matchup
TvT
Race
Terran
Spawn Locations
Cross Positions
Add a new tag
Caveats
  • Supply blocks, unpowered buildings, or Contaminate may cause inaccurate times.
  • Supply counts are checked every 10 seconds.